 Dungeon Crawl Stone Soup version 0.30-a0-134-gb40fab5c76 (webtiles) character file.

Game seed: 1564202102849244192

540 bande the Chopper (level 7, 0/60 HPs)
             Began as a Hill Orc Fighter on Sept 20, 2022.
             Was a Follower of Beogh.
             Slain by Dowan
             ... wielding a +4 dagger of venom
              (6 damage)
             ... on level 6 of the Dungeon.
             The game lasted 00:08:46 (5435 turns).

bande the Chopper (Hill Orc Fighter)                Turns: 5435, Time: 00:08:47

Health: 0/60       AC: 12    Str: 19    XL:     7   Next: 26%
Magic:  8/8        EV:  7    Int:  8    God:    Beogh [*.....]
Gold:   410        SH:  5    Dex: 12    Spells: 6/6 levels left

rFire   . . .      SeeInvis .    a - +0 war axe
rCold   . . .      Faith    +    c - +0 buckler
rNeg    . . .      Spirit   .    k - +0 chain mail
rPois   .          Reflect  .    f - +0 helmet
rElec   .          Harm     .    n - +0 cloak
rCorr   .          Rampage  .    (no gloves)
Will    .....                    (no boots)
Stlth   ..........               l - amulet of faith
HPRegen 0.20/turn                b - +4 ring of slaying
MPRegen 0.11/turn                (no ring)

@: lethally poisoned (0 -> -19)
A: no striking features
a: Renounce Religion


You were on level 6 of the Dungeon.
You worshipped Beogh.
Beogh was aware of your devotion.
You visited 1 branch of the dungeon, and saw 6 of its levels.

You collected 410 gold pieces.

Inventory:

Hand Weapons
 a - a +0 war axe (weapon)
 q - a +0 flail of protection
Armour
 c - a +0 buckler (worn)
 f - a +0 helmet (worn)
 k - a +0 chain mail (worn)
 n - a +0 cloak (worn)
Jewellery
 b - a +4 ring of slaying (left hand)
 l - an amulet of faith (around neck)
 r - a +6 ring of strength
Wands
 p - a wand of mindburst (21)
Scrolls
 h - 2 scrolls of amnesia
 t - a scroll of teleportation
 u - 2 scrolls of identify
Potions
 d - a potion of might
 e - a potion of heal wounds {unknown}
 g - 3 potions of curing {unknown}
 i - 5 potions of haste {unknown}
 j - 2 potions of flight {unknown}
 m - a potion of ambrosia {unknown}
 o - a potion of berserk rage {unknown}
 s - a potion of magic {unknown}


   Skills:
 + Level 4.8 Fighting
 + Level 7.2 Axes
 + Level 4.8 Armour
 + Level 3.9 Shields
 * Level 2.5 Invocations
 * Level 1.2 Evocations


You had 6 spell levels left.
You didn't know any spells.
Your spell library contained the following spells:

 Spells                   Type           Power      Damage    Failure   Level
 Ozocubu's Armour         Ice            0%         N/A       100%        3
 Conjure Ball Lightning   Conj/Air       0%         3x3d6     100%        6
 Ozocubu's Refrigeration  Ice            0%         4d7       100%        7
 Discord                  Hex            0%         N/A       100%        8
 Disjunction              Tloc           0%         N/A       100%        8


Dungeon Overview and Level Annotations

Branches:
Dungeon (6/15)             Temple (0/1) D:5

Altars:

Shops:
D:2 *

Annotations:
D:6 Dowan, Duvessa


Message History

Duvessa is heavily wounded.
You block Duvessa's attack.
Dowan points at you and mumbles some strange words.
The puff of frost hits you!
You hit Duvessa but do no damage.
Duvessa is heavily wounded.
Duvessa hits you with a +0 short sword!
You are too injured to fight recklessly!
You are too injured to fight recklessly!
You are too injured to fight recklessly!
You are too injured to fight recklessly!
You are too injured to fight recklessly!
You are too injured to fight recklessly!
You are too injured to fight recklessly!
Unknown command.
You barely miss Duvessa.
Duvessa is heavily wounded.
You completely miss Dowan. Duvessa hits you but does no damage.
Dowan hits you but does no damage.
You are poisoned.
You slash Duvessa!
Duvessa is severely wounded.
You hit Dowan.
You feel sick. Duvessa hits you but does no damage.
Dowan hits you with a +4 dagger of venom!
You are more poisoned.
Duvessa closely misses you. Dowan hits you but does no damage.
You are lethally poisoned!
You hit Duvessa.
Duvessa is almost dead.
You slash Dowan!
* * * LOW HITPOINT WARNING * * *
You feel extremely sick. Duvessa hits you with a +0 short sword.
* * * LOW HITPOINT WARNING * * *
Dowan barely misses you.
* * * LOW HITPOINT WARNING * * *
You feel very sick. Duvessa barely misses you.
Dowan hits you with a +4 dagger of venom.
You die...

#########
#@eh....#
#[e.....#
#..>.....
####.###.
.# . #


You could see Duvessa, Dowan and a hound.

Vanquished Creatures
  A black bear (D:5)
  A scorpion (D:5)
  2 hounds
  A jelly (D:5)
  Crazy Yiuf (D:4)
  An orc priest (D:4)
  An orc wizard (D:4)
  Ijyb (D:4)
  3 gnolls
  2 adders (D:2)
  An ufetubus (D:5)
  A worm (D:3)
  3 dart slugs
  19 orcs
  5 endoplasms
  6 giant cockroaches
  5 goblins
  9 hobgoblins
  8 jackals
  5 quokkas
  5 ball pythons
  4 bats
  7 frilled lizards
  8 kobolds
  4 rats (D:3)
104 creatures vanquished.

Notes
Turn   | Place    | Note
-------+----------+-------------------------------------------
     0 | D:1      | bande the Hill Orc Fighter began the quest for the Orb.
     0 | D:1      | Reached XP level 1. HP: 19/19 MP: 1/1
   256 | D:1      | Reached skill level 3 in Axes
   256 | D:1      | Reached XP level 2. HP: 22/27 MP: 2/2
   382 | D:1      | Found a faded altar of an unknown god.
   710 | D:1      | Reached XP level 3. HP: 29/33 MP: 3/3
   971 | D:2      | Reached skill level 4 in Axes
  1168 | D:2      | Reached XP level 4. HP: 39/40 MP: 4/4
  1335 | D:2      | Found Zan Kega's General Store.
  2614 | D:3      | Became a worshipper of Beogh the Brigand
  3049 | D:3      | Reached skill level 5 in Axes
  3326 | D:3      | Reached XP level 5. HP: 42/46 MP: 5/5
  3356 | D:3      | Reached * piety under Beogh
  3503 | D:4      | Reached skill level 6 in Axes
  3624 | D:4      | Noticed Ijyb
  3633 | D:4      | Reached XP level 6. HP: 26/53 MP: 6/6
  3636 | D:4      | Killed Ijyb
  3637 | D:4      | Reached skill level 1 in Invocations
  4378 | D:4      | Found a runed translucent door.
  4379 | D:4      | Noticed Crazy Yiuf
  4384 | D:4      | Killed Crazy Yiuf
  4419 | D:5      | Entered Level 5 of the Dungeon
  4685 | D:5      | Reached skill level 7 in Axes
  4685 | D:5      | Reached XP level 7. HP: 54/60 MP: 8/8
  4957 | D:5      | Found a staircase to the Ecumenical Temple.
  4973 | D:5      | Reached skill level 1 in Evocations
  5249 | D:6      | Noticed Duvessa
  5252 | D:6      | Noticed Dowan
  5435 | D:6      | Slain by Dowan

Illustrated notes

Levels and vault maps discovered:
D:1:      nagdon_arrival_double_spiral, layout_loops_cross,
          hellmonk_ecumenical_altar_pennies_from_heaven,
          minmay_misc_feat_diagonals
D:2:      layout_basic, serial_shops, nicolae_shop_statue_plus, st_stairs_2,
          minmay_tromino_v4_b
D:3:      cheibrodos_pilgrimage, layout_basic, gup_sewer_entry_spiral
D:4:      layout_cave_pools, uniq_ijyb, uniq_crazy_yiuf_cottage
D:5:      layout_basic, minmay_temple_entry_statues_fountains
D:6:      layout_rooms, uniq_duvessa

Skill      XL: |  1  2  3  4  5  6  7 |
---------------+----------------------+-----
Axes           | 3 4 5 6 7 |  7.2
Fighting       | 4 |  4.8
Armour         | 4 |  4.8
Invocations    | 2 |  2.5
Evocations     | 1 |  1.2
Shields        | |  3.9

Action                   |  1- 3 |  4- 6 |  7- 9 || total
-------------------------+-------+-------+-------++-------
Melee: War axe           |    74 |   142 |    30 ||   246
Invok: Convert to Beogh  |       |     1 |       ||     1
  Use: Scroll            |     3 |     5 |     1 ||     9
Armor: Scale mail        |    39 |       |       ||    39
       Chain mail        |       |    86 |    23 ||   109
Dodge: Dodged            |    47 |    39 |    22 ||   108
Block: Buckler           |    15 |    36 |     7 ||    58

Table legend: (Time is in decaauts)
 A = Elapsed time spent in this place.
 B = Non-inter-level travel time spent in this place.
 C = Inter-level travel time spent in this place.
 D = Time resting spent in this place.
 E = Time spent auto-exploring this place.
 F = Levels seen in this place.
 G = Mean time per level.
                   A        B        C        D        E       F      G
               +--------+--------+--------+--------+--------+-----+--------+
         Total |   5549 |   5377 |    172 |    701 |   3814 |   6 |  924.8 |
       Dungeon |   5549 |   5377 |    172 |    701 |   3814 |   6 |  924.8 |
               +--------+--------+--------+--------+--------+-----+--------+

Top non-repeatable levels by time:
     D:2: 1269 daAuts
     D:4: 1220 daAuts
     D:3: 1101 daAuts
     D:5: 1007 daAuts
     D:1: 932 daAuts
     D:6: 19 daAuts
